 Dungeon Crawl Stone Soup version 0.28.0-43-g3370ac3207 (webtiles) character file.

Game seed: 5556733029279978300

28 bearlyready the Firebug (level 2, -2/14 (15) HPs)
             Began as a Deep Elf Fire Elementalist on Mar 8, 2022.
             Frozen to death by an endoplasm (4 damage)
             ... on level 2 of the Dungeon.
             The game lasted 00:01:37 (1057 turns).

bearlyready the Firebug (DEFE)                      Turns: 1057, Time: 00:01:37

HP:   -2/14 (15)    AC:  3    Str:  5    XL:     2   Next: 96%
MP:   8/8           EV: 12    Int: 19    God:
Gold: 37            SH:  5    Dex: 15    Spells: 6/7 levels left

rFire   . . .      SeeInvis .   e - +5 short sword
rCold   . . .      Faith    .   (no shield)
rNeg    . . .      Spirit   .   a - +0 robe
rPois   .          Reflect  +   (no helmet)
rElec   .          Harm     .   b - +0 cloak
rCorr   .          Rampage  .   (no gloves)
Will    .....                   (no boots)
Stlth   ++........              f - amulet of reflection
HPRegen 0.04/turn               (no ring)
MPRegen 0.11/turn               (no ring)

@: drained
A: no striking features
a: no special abilities


You were on level 2 of the Dungeon.
You visited 1 branch of the dungeon, and saw 2 of its levels.

You collected 37 gold pieces.

Inventory:

Hand Weapons
 c - a +0 dagger
 e - a +5 short sword (weapon)
Armour
 a - a +0 robe (worn)
 b - a +0 cloak (worn)
Jewellery
 f - an amulet of reflection (around neck)


   Skills:
 - Level 2.4 Dodging
 - Level 2.4 Stealth
 - Level 3.0 Spellcasting
 + Level 2.4 Conjurations
 + Level 4.0 Fire Magic


You had 6 spell levels left.
You knew the following spells:

 Your Spells              Type           Power      Damage    Failure   Level
a - Foxfire               Conj/Fire      60%        2x1d7     4%          1

Your spell library contained the following spells:

 Spells                   Type           Power      Damage    Failure   Level
 Scorch                   Fire           36%        2d6       4%          2
 Conjure Flame            Conj/Fire      15%        6-21      12%         3
 Inner Flame              Hex/Fire       10%        N/A       21%         3
 Sublimation of Blood     Necr           2%         N/A       22%         2
 Flame Wave               Conj/Fire      15%        2d6       38%         4
 Ozocubu's Armour         Ice            2%         N/A       41%         3
 Petrify                  Tmut/Erth      2%         N/A       83%         4
 Irradiate                Conj/Tmut      3%         3d14      95%         5
 Metabolic Englaciation   Hex/Ice        1%         N/A       99%         5
 Simulacrum               Ice/Necr       1%         N/A       100%        6
 Malign Gateway           Summ/Tloc      1%         N/A       100%        7
 Summon Horrible Things   Summ           1%         N/A       100%        8


Dungeon Overview and Level Annotations

Branches:
Dungeon (2/15)

Altars:


Message History

You aren't carrying any items that you can evoke.
Blink to where?
Press: ? - help, Dir - move target
As you read the scroll labelled TIUMIESEIS, it crumbles to dust.
It was a scroll of blinking.
The endoplasm closely misses you. The endoplasm hits you.
The endoplasm freezes you.
You are frozen.
Found a scroll labelled SAYKHAGONT.
A bat comes into view.
An adder comes into view.
The endoplasm jiggles.
The bat closely misses you.
You aren't carrying any scrolls.
Unknown command.
The bat hits you but does no damage. The bat hits you but does no damage.
The endoplasm misses you. The bat closely misses you.
The bat hits you but does no damage. The bat hits you.
Found a book of Storms.
The bat hits you but does no damage.
You closely miss the bat. The bat misses you. The necrophage hits you.
You feel drained.
* * * LOW HITPOINT WARNING * * *
The endoplasm hits you but does no damage.
The bat hits you but does no damage. The bat barely misses you.
The bat hits you but does no damage. The bat misses you.
You block the endoplasm's attack. The bat barely misses you.
The bat barely misses you. The adder misses you.
The bat hits you but does no damage. The necrophage closely misses you.
The adder bites you.
* * * LOW HITPOINT WARNING * * *
The bat hits you.
* * * LOW HITPOINT WARNING * * *
The bat barely misses you. The bat closely misses you.
You aren't carrying any potions.
You block the bat's attack. The endoplasm freezes you.
You are frozen.
You die...

#.....#
#.....#
#.....#
#..:..#
#.....#
#.....#
#####.....#
#...nSJ..## #
#....@b..##.#
##...........#
#.........####
#.........#
#.........#
###......?#
#..........
#.##.#.####
#......#


You could see a necrophage, an adder, an endoplasm and a bat.

Vanquished Creatures
  A dart slug (D:1)
  2 endoplasms (D:1)
  3 goblins
  4 jackals (D:1)
  3 quokkas (D:1)
  3 bats (D:1)
  3 frilled lizards (D:1)
  3 kobolds (D:1)
  2 rats (D:1)
24 creatures vanquished.

Vanquished Creatures (others)
  93 foxfires
93 creatures vanquished.

Grand Total: 117 creatures vanquished

Notes
Turn   | Place    | Note
-------+----------+-------------------------------------------
     0 | D:1      | bearlyready the Deep Elf Fire Elementalist began the quest
                  | for the Orb.
     0 | D:1      | Reached XP level 1. HP: 10/10 MP: 6/6
   249 | D:1      | Found a faded altar of an unknown god.
   440 | D:1      | Reached XP level 2. HP: 15/15 MP: 2/8
   743 | D:1      | Reached skill level 4 in Fire Magic
  1014 | D:2      | Noticed a necrophage
  1057 | D:2      | Frozen to death by an endoplasm

Illustrated notes

Levels and vault maps discovered:
D:1:      dpeg_arrival_rooms_c, layout_rooms, chequers_ecumenical_altar_island
D:2:      minmay_chambers_of_twos, layout_basic

Skill      XL: |  1  2 |
---------------+-------+-----
Conjurations   | 2 |  2.4
Fire Magic     | 4 |  4.0
Dodging        | |  2.4
Stealth        | |  2.4
Spellcasting   | |  3.0

Action                   || total
-------------------------++-------
Melee: Short sword       ||     3
 Cast: Foxfire           ||    58
  Use: Scroll            ||     1
Armor: Robe              ||    11
Dodge: Dodged            ||    15
Block: Other             ||     2
